 Dungeon Crawl Stone Soup version 0.31.0-11-ge490571c62 (webtiles) character file.

Game seed: 985975311556975846

68 Chiseanne the Changeling (level 4, 0/46 HPs)
             Began as an Octopode Shapeshifter on Feb 8, 2024.
             Slain by an orc
             ... wielding a +0 trident
              (4 damage)
             ... on level 3 of the Dungeon.
             The game lasted 00:02:28 (1297 turns).

Chiseanne the Changeling (Octopode Shapeshifter)    Turns: 1297, Time: 00:02:28

Health: 0/46       AC: 22    Str: 13    XL:     4   Next: 19%
Magic:  0/4        EV:  2    Int: 12    God:
Gold:   82         SH:  0    Dex: 13    Spells: 3/3 levels left

rFire   + .          .
                       - Unarmed
rCold   . . .        (no shield)
rNeg    . . .        (helmet currently unavailable)
rPois   +            l - amulet of guardian spirit
rElec   +            j - ring of see invisible
rCorr   +            e - ring of protection from fire
SInv    +            n - ring "Hydenet" {^Contam rElec rPois rCorr}
Will    .....        (no ring)
Stlth   ++           (no ring)
HPRegen 0.27/turn    (no ring)
MPRegen 0.09/turn    (no ring)
                     (no ring)

%: guardian spirit
@: tree-form
A: stationary, stasis, torment immunity, boosted hp, almost no armour,
(amphibious), 8 rings, (camouflage 1), (gelatinous body 1), (nimble swimmer 1),
(tentacles), robust 1, (electricity resistance), (heat vulnerability 1)
a: no special abilities


You were on level 3 of the Dungeon.
You were a tree.
You visited 1 branch of the dungeon, and saw 3 of its levels.

You collected 82 gold pieces.

Inventory:

Missiles
 g - 23 stones (quivered)
 h - 6 atropa-tipped darts
 m - 6 silver javelins
Armour
 k - an orb of light
Jewellery
 e - a ring of protection from fire (right branch)
 j - a ring of see invisible (left branch)
 l - an amulet of guardian spirit (around neck)
 n - the ring "Hydenet" (on tentacle) {^Contam rElec rPois rCorr}
   (You acquired it on level 2 of the Dungeon)

   [ring of poison resistance]

   rElec:     It insulates you from electricity.
   rPois:     It protects you from poison ^Contam: It causes magical
   contamination when unequipped.
   rCorr:     It protects you from acid and corrosion.
Talismans
 b - a beast talisman (active)
 c - a flux talisman
Scrolls
 o - a scroll of blinking
 q - a scroll of teleportation {unknown}
Potions
 d - a potion of curing {unknown}
 i - a potion of resistance {unknown}
 p - a potion of brilliance {unknown}
 r - a potion of ambrosia {unknown}
 s - a potion of attraction {unknown}


   Skills:
 * Level 2.0 Fighting
 * Level 2.7 Dodging
 * Level 2.4 Stealth
 - Level 3.0 Unarmed Combat
 * Level 3.4 Shapeshifting


You had 3 spell levels left.
You didn't know any spells.
Your spell library contained the following spells:

 Spells                   Type           Power      Damage    Failure   Level
 Apportation              Tloc           0%         N/A       32%         1
 Shock                    Conj/Air       0%         1d3       32%         1
 Jinxbite                 Hex            0%         N/A       45%         2
 Swiftness                Air            0%         N/A       69%         3
 Airstrike                Air            0%         2d(0-16)  97%         4
 Alistair's Intoxication  Alch           0%         N/A       100%        5


Dungeon Overview and Level Annotations

Branches:
Dungeon (3/15)

Altars:

Shops:
D:1 ?


Innate Abilities, Weirdness & Mutations

You are a tree.
Your roots penetrate the ground, keeping you stationary.
You cannot be teleported.
You are immune to unholy pain and torment.
Your maximum health is greatly increased.
You cannot wear most types of armour.
((You are amphibious.))
You can wear up to eight rings at the same time.
((Your skin changes colour to match your surroundings (Stealth+).))
((Your rubbery body absorbs attacks. (AC +1, EV +1)))
((You are camouflaged when in or above water. (Stealth+)))
((You have tentacles for arms and can constrict up to eight enemies at once.))
You are robust. (+10% HP)
((You are resistant to electric shocks. (rElec)))
((You are vulnerable to heat. (rF-)))


Message History

The orc barely misses you.
You closely miss the orc wizard. You squeeze the orc wizard!
The orc wizard is heavily wounded.
The orc wizard barely misses you. The orc closely misses you.
You tentacle-slap the orc wizard.
The orc wizard is severely wounded.
The orc wizard gestures at you while chanting.
The magic dart hits you. The orc misses you.
You miss the orc wizard. You squeeze the orc wizard.
You kill the orc wizard!
The orc hits you from afar with a +0 trident.
* * * LOW HITPOINT WARNING * * *
Your Fighting skill increases to level 2!
You have reached level 4!
You bump into the rock wall.
The orc barely misses you.
You bump into the rock wall.
The orc hits you from afar with a +0 trident.
* * * LOW HITPOINT WARNING * * *
Your transformation has ended.
You turn into a tree.
Your roots penetrate the ground.
The orc hits you from afar with a +0 trident.
* * * LOW HITPOINT WARNING * * *
You swing at nothing.
The orc hits you from afar with a +0 trident.
* * * LOW HITPOINT WARNING * * *
You attack the rock wall.
The orc hits you but does no damage.
You swing at nothing.
You feel less confused. The orc hits you but does no damage.
It was a potion of mutation.
You feel extremely strange.
You feel insulated.
You feel vulnerable to heat.
You feel robust. The orc hits you but does no damage.
Throw: 24 stones
Press: ? - help, Q - select action, (/) - cycle Shift-Dir - straight line, f - orc
Aim: an orc, wielding a +0 trident and wearing a +0 scale mail (lightly wounded, 58% to hit)
You throw a stone.
The stone hits the orc but does no damage.
The orc is lightly wounded.
The orc hits you from afar with a +0 trident.
You die...

#.#.#.#.##.....##
#.##.##.###...##
#.##.##.# ##+##
#.......#
####.#### #.# #.#
#.# #♣# #)# #.o
####


You could see an orc.

Vanquished Creatures
  An orc wizard (D:3)
  An adder (D:2)
  A dart slug (D:1)
  An orc (D:3)
  2 bats (D:2)
  4 endoplasms
  A giant cockroach (D:1)
  A goblin (D:2)
  5 hobgoblins
  2 jackals (D:1)
  3 quokkas (D:1)
  5 ball pythons
  A frilled lizard (D:1)
  A rat (D:2)
29 creatures vanquished.

Notes
Turn   | Place    | Note
-------+----------+-------------------------------------------
     0 | D:1      | Chiseanne the Octopode Shapeshifter began the quest for the
                  | Orb.
     0 | D:1      | Reached XP level 1. HP: 13/13 MP: 1/1
    30 | D:1      | Found Ipnikufur's Magic Scroll Shoppe.
   130 | D:1      | Reached skill level 1 in Stealth
   130 | D:1      | Reached XP level 2. HP: 18/18 MP: 2/2
   868 | D:2      | Reached XP level 3. HP: 21/23 MP: 3/3
   948 | D:2      | Found a faded altar of an unknown god.
  1140 | D:2      | Identified a scroll of acquirement
  1140 | D:2      | Acquired the ring "Hydenet" {^Contam rElec rPois rCorr}
  1290 | D:3      | Reached XP level 4. HP: 8/29 MP: 1/4
  1296 | D:3      | Gained mutation: You are resistant to electric shocks.
                  | (rElec) [potion of mutation]
  1296 | D:3      | Gained mutation: You are vulnerable to heat. (rF-) [potion
                  | of mutation]
  1296 | D:3      | Gained mutation: You are robust. (+10% HP) [potion of
                  | mutation]
  1297 | D:3      | Slain by an orc

Illustrated notes

Levels and vault maps discovered:
D:1:      roadster_arrival_rocket_large, layout_basic, serial_shops,
          nicolae_shop_tiny_real_fake_doors
D:2:      layout_rooms, shapermc_ecumenical_altar_starsandcircs,
          kennysheep_crisscross
D:3:      layout_loops_corners, mainiacjoe_overflow_surrounded_room,
          mainiacjoe_overflow_paths

Skill      XL: |  1  2  3 |
---------------+----------+-----
Stealth        | 1 2 |  2.4
Fighting       | 2 |  2.0
Dodging        | |  2.7
Unarmed Combat | |  3.0
Shapeshifting  | |  3.4

Action                     |  1- 3 |  4- 6 || total
---------------------------+-------+-------++-------
  Melee: Unarmed           |    59 |       ||    59
         Tentacles         |    15 |       ||    15
         Constrict         |    11 |       ||    11
         Punch             |     1 |       ||     1
  Throw: Stone             |       |     1 ||     1
    Use: Scroll            |     6 |       ||     6
         Potion            |       |     2 ||     2
   Stab: Sleeping          |     9 |       ||     9
 Armour: Skin              |    19 |     7 ||    26
  Dodge: Dodged            |    42 |     1 ||    43
   Form: Beast             |     1 |       ||     1
